[Event "Argentine Youth-Junior-ch 2025"]
[Site "Mar del Plata"]
[Date "2025.04.16"]
[Round "2.1"]
[White "Parrilla, Juan Jose"]
[Black "Abramor, Franco"]
[Result "1/2-1/2"]
[Annotator "RC"]
[ECO "B13"]
[WhiteElo "1912"]
[BlackElo "2169"]
[PlyCount "58"]
[EventDate "2025.04.14"]
[EventType "swiss"]
[EventCountry "ARG"]
[SourceTitle "playchess.com"]
[Source "ChessBase"]
[SourceQuality "1"]
[TimeControl "3600+30"]

1. e4 c6 2. d4 d5 3. exd5 cxd5 4. Bd3 Nc6 5. c3 Nf6 6. h3 e5 7. dxe5 Nxe5 8. Nf3 Nxd3+ 9. Qxd3 Bd6 10. O-O O-O 11. Bg5 h6 12. Bh4 g5 13. Bg3 Bxg3 14. fxg3 Ne4 15. Nd4 f5 16. Nd2 Bd7 17. Nxe4 dxe4 18. Qc4+ Kg7 19. Qd5 Qe7 20. Rae1 Kg6 21. g4 fxg4 22. hxg4 Rxf1+ 23. Kxf1 Rf8+ 24. Kg1 Bxg4 25. Rxe4 Qd7 26. Qc5 Re8 27. Rxe8 Qxe8 28. Qd6+ Kh5 29. Qh2+ Kg6 1/2-1/2

[Event "Argentine Youth-Junior-ch 2025"]
[Site "Mar del Plata"]
[Date "2025.04.16"]
[Round "2.2"]
[White "Medina, Augusto Benjamin"]
[Black "Scarsi, Anna Laura"]
[Result "0-1"]
[Annotator "RC"]
[ECO "E01"]
[WhiteElo "1815"]
[BlackElo "2144"]
[PlyCount "42"]
[EventDate "2025.04.14"]
[EventType "swiss"]
[EventCountry "ARG"]
[SourceTitle "playchess.com"]
[Source "ChessBase"]
[SourceQuality "1"]
[TimeControl "3600+30"]

1. d4 d5 2. c4 e6 3. Nf3 Nf6 4. g3 Nc6 5. Bg2 Bd6 6. O-O O-O 7. Nbd2 a5 8. Qc2 Re8 9. c5 Bf8 10. e4 dxe4 11. Nxe4 Nd5 12. Rd1 f6 13. h4 b6 14. cxb6 Ndb4 15. bxc7 Nxc2 16. cxd8=Q Rxd8 17. Rb1 e5 18. Rd2 Bf5 19. Nfg5 N2xd4 20. Nf3 Bxe4 21. Nxd4 Bxg2 0-1

[Event "Argentine Youth-Junior-ch 2025"]
[Site "Mar del Plata"]
[Date "2025.04.16"]
[Round "2.3"]
[White "Zambianchi, Santino"]
[Black "Villordo, Matias"]
[Result "1/2-1/2"]
[Annotator "ChessBase"]
[ECO "D10"]
[WhiteElo "1811"]
[BlackElo "2055"]
[PlyCount "99"]
[EventDate "2025.04.14"]
[EventType "swiss"]
[EventCountry "ARG"]
[SourceTitle "playchess.com"]
[Source "ChessBase"]
[SourceQuality "1"]
[TimeControl "3600+30"]

1. d4 Nf6 2. c4 c6 3. Nc3 d5 4. cxd5 cxd5 5. Bf4 Nc6 6. e3 Bf5 7. Qb3 Na5 8. Qa4+ Bd7 9. Bb5 Nc6 10. Qd1 a6 11. Bd3 e6 12. Rc1 Be7 13. h3 O-O 14. Nf3 b5 15. O-O Na5 16. Qe2 Rc8 17. Ne5 Nc4 18. b3 Nd6 19. Ng4 Bc6 20. Nxf6+ Bxf6 21. Qf3 b4 22. Bxd6 Qxd6 23. Ne2 Bd7 24. Nf4 Bb5 25. Bxb5 axb5 26. Nd3 Rc3 27. Qe2 Be7 28. Rc2 Qa6 29. Rfc1 Rfc8 30. Qd2 Qa5 31. Kf1 R8c7 32. Nf4 Bd6 33. Ne2 Rxc2 34. Rxc2 g6 35. Qc1 Kg7 36. Rxc7 Bxc7 37. Qc2 Bd6 38. Nc1 h5 39. Qc6 Qc7 40. Qxc7 Bxc7 41. Nd3 Bd6 42. Ke2 f6 43. f4 g5 44. fxg5 fxg5 45. Kf3 Kf6 46. g4 h4 47. e4 Kf7 48. exd5 exd5 49. Ke3 Ke7 50. Ne1 1/2-1/2

[Event "Argentine Youth-Junior-ch 2025"]
[Site "Mar del Plata"]
[Date "2025.04.16"]
[Round "2.4"]
[White "Gaite, Karen Nerina"]
[Black "Montiel Marin, Micaela Agustina"]
[Result "1-0"]
[Annotator "RC"]
[ECO "A36"]
[WhiteElo "2031"]
[BlackElo "1889"]
[PlyCount "91"]
[EventDate "2025.04.14"]
[EventType "swiss"]
[EventCountry "ARG"]
[SourceTitle "playchess.com"]
[Source "ChessBase"]
[SourceQuality "1"]
[TimeControl "3600+30"]

1. c4 c5 2. Nc3 g6 3. g3 Bg7 4. Bg2 Nc6 5. e3 e5 6. Nge2 Nge7 7. O-O O-O 8. b3 d6 9. Bb2 Bf5 10. d3 Qd7 11. a3 Bh3 12. Nd5 Nxd5 13. cxd5 Ne7 14. e4 Bxg2 15. Kxg2 f5 16. f3 Bh6 17. Bc1 Bg7 18. Rb1 b5 19. Be3 c4 20. bxc4 bxc4 21. dxc4 fxe4 22. fxe4 Rxf1 23. Qxf1 Qa4 24. Rb7 Rf8 25. Qc1 Nc8 26. Rb4 Qd7 27. Nc3 Nb6 28. a4 Rc8 29. Qf1 Na8 30. Qb1 a6 31. Rb7 Qe8 32. Qb4 Bf8 33. a5 Nc7 34. Qb6 Qd8 35. Na4 Qd7 36. Qb3 Re8 37. Bb6 Rc8 38. c5 Kg7 39. cxd6 Bxd6 40. Nc5 Bxc5 41. Bxc5 Qg4 42. Qf3 Qxf3+ 43. Kxf3 Kf6 44. Rb6+ Kf7 45. Rc6 Ke8 46. d6 1-0

[Event "Argentine Youth-Junior-ch 2025"]
[Site "Mar del Plata"]
[Date "2025.04.16"]
[Round "2.5"]
[White "Menasse, Lautaro"]
[Black "Bazan Romero, Octavio Aaron"]
[Result "0-1"]
[Annotator "ChessBase"]
[ECO "B23"]
[WhiteElo "1786"]
[BlackElo "2292"]
[PlyCount "92"]
[EventDate "2025.04.14"]
[EventType "swiss"]
[EventCountry "ARG"]
[SourceTitle "playchess.com"]
[Source "ChessBase"]
[SourceQuality "1"]
[TimeControl "3600+30"]

1. e4 c5 2. Nc3 a6 3. f4 b5 4. a3 Bb7 5. d3 e6 6. Be3 d5 7. exd5 exd5 8. d4 Nc6 9. Nf3 c4 10. g3 Nf6 11. Ne5 Bd6 12. Bg2 Ne7 13. O-O O-O 14. Ng4 Nd7 15. f5 f6 16. Bf4 Nb6 17. Ne3 Qd7 18. Ne2 Rfe8 19. Bxd6 Qxd6 20. Nf4 c3 21. b3 g5 22. fxg6 hxg6 23. Qd3 Kf7 24. Ng4 Bc8 25. Nxg6 Nxg6 26. Rxf6+ Qxf6 27. Nxf6 Kxf6 28. Rf1+ Kg7 29. Qxc3 Ra7 30. Qc5 Rb7 31. Bxd5 Nxd5 32. Qxd5 Rbe7 33. Qh5 Re4 34. Qg5 Bh3 35. Rd1 Re2 36. Qh5 Rg2+ 37. Kh1 Rd2 38. Rb1 Bg2+ 39. Kg1 Ree2 40. Qf5 Be4 41. Qd7+ Kh6 42. Qg4 Rg2+ 43. Kf1 Bxc2 44. Qh3+ Kg5 45. Rc1 Bd3+ 46. Ke1 Rde2+ 0-1

[Event "Argentine Youth-Junior-ch 2025"]
[Site "Mar del Plata"]
[Date "2025.04.16"]
[Round "2.6"]
[White "Fernandez, Milagros"]
[Black "Benitez, Agustina"]
[Result "1-0"]
[Annotator "NA RC"]
[ECO "B03"]
[WhiteElo "1671"]
[BlackElo "1804"]
[PlyCount "45"]
[EventDate "2025.04.14"]
[EventType "swiss"]
[EventCountry "ARG"]
[SourceTitle "playchess.com"]
[Source "ChessBase"]
[SourceQuality "1"]
[TimeControl "3600+30"]

1. e4 Nf6 2. e5 Nd5 3. d4 d6 4. c4 Nb6 5. f4 dxe5 6. fxe5 Nc6 7. Be3 Bf5 8. a3 e6 9. Nf3 Be7 10. d5 exd5 11. Bxb6 axb6 12. cxd5 Nb8 13. Nc3 O-O 14. Bd3 Bxd3 15. Qxd3 f6 16. Nd4 Qd7 17. Ne6 Re8 18. Qg3 g6 19. O-O fxe5 20. Qxe5 Bd6 21. Qf6 c6 22. Ne4 Bc5+ 23. N4xc5 1-0

[Event "Argentine Youth-Junior-ch 2025"]
[Site "Mar del Plata"]
[Date "2025.04.16"]
[Round "2.7"]
[White "Borras, Jonathan"]
[Black "Gil Chacon, Fernando Enrique"]
[Result "1-0"]
[Annotator "RC"]
[ECO "B13"]
[WhiteElo "1808"]
[BlackElo "2035"]
[PlyCount "65"]
[EventDate "2025.04.14"]
[EventType "swiss"]
[EventCountry "ARG"]
[SourceTitle "playchess.com"]
[Source "ChessBase"]
[SourceQuality "1"]
[TimeControl "3600+30"]

1. e4 c6 2. d4 d5 3. exd5 cxd5 4. Bd3 Nc6 5. c3 Nf6 6. Bf4 Bg4 7. Qb3 Qd7 8. Nd2 e6 9. Ngf3 Bd6 10. Bxd6 Qxd6 11. O-O O-O 12. Rfe1 Bxf3 13. Nxf3 Rab8 14. Rad1 b5 15. Ne5 Na5 16. Qc2 Rfc8 17. g4 g6 18. f4 Nc6 19. Qg2 Kg7 20. Re3 b4 21. Rf1 bxc3 22. bxc3 Ne7 23. f5 exf5 24. gxf5 Rxc3 25. fxg6 hxg6 26. Qg5 Rb2 27. Ref3 Rc6 28. Rh3 Neg8 29. Bxg6 Rcc2 30. Bxc2+ Kf8 31. Rh8 Rxc2 32. Qxg8+ Nxg8 33. Rxf7+ 1-0

[Event "Argentine Youth-Junior-ch 2025"]
[Site "Mar del Plata"]
[Date "2025.04.16"]
[Round "2.8"]
[White "Figueroa, Layla Iazmin"]
[Black "Donda, Jazmin"]
[Result "0-1"]
[Annotator "RC"]
[ECO "C01"]
[WhiteElo "1553"]
[BlackElo "1919"]
[PlyCount "68"]
[EventDate "2025.04.14"]
[EventType "swiss"]
[EventCountry "ARG"]
[SourceTitle "playchess.com"]
[Source "ChessBase"]
[SourceQuality "1"]
[TimeControl "3600+30"]

1. e4 e6 2. Nf3 d5 3. exd5 exd5 4. d4 Nc6 5. Be2 Bd6 6. O-O Nge7 7. h3 Bf5 8. Nbd2 O-O 9. c4 Nb4 10. Nh4 Bc2 11. Qe1 Nd3 12. Bxd3 Bxd3 13. a3 Bxf1 14. Nxf1 dxc4 15. Qe3 b5 16. Nd2 Nd5 17. Qf3 Re8 18. Qxd5 Bh2+ 19. Kxh2 Qxd5 20. Ndf3 h6 21. Ng1 Qxd4 22. Nhf3 Qxf2 23. Bf4 Qxb2 24. Rf1 Qxa3 25. Nd4 Qd3 26. Rf3 Qxd4 27. Bxh6 gxh6 28. Rg3+ Kh8 29. h4 Qd6 30. h5 Rg8 31. Ne2 Rae8 32. Kh1 Rxg3 33. Ng1 Re1 34. Kh2 Rg4+ 0-1

[Event "Argentine Youth-Junior-ch 2025"]
[Site "Mar del Plata"]
[Date "2025.04.16"]
[Round "2.9"]
[White "Manero, Gabriel Ignacio"]
[Black "Rodriguez, Elian Francisco"]
[Result "*"]
[Annotator "NA RC"]
[ECO "D10"]
[WhiteElo "1557"]
[BlackElo "2043"]
[PlyCount "88"]
[EventDate "2025.04.14"]
[EventType "swiss"]
[EventCountry "ARG"]
[SourceTitle "playchess.com"]
[Source "ChessBase"]
[SourceQuality "1"]
[TimeControl "3600+30"]

1. c4 c6 2. g3 d5 3. cxd5 cxd5 4. d4 Nf6 5. Nc3 Bf5 6. Bg2 {[%emt 0:02:33] D10: Slav Defence: 3 cxd5 (without early Nf3) and 3 Nc3.} e6 7. Nf3 a6 8. O-O Bd6 9. Bg5 Nbd7 10. Nd2 Be7 11. e4 dxe4 12. Ndxe4 O-O 13. Nxf6+ Nxf6 14. d5 exd5 15. Bxf6 Bxf6 16. Qxd5 Qc8 17. Qb3 Rb8 18. Ne4 Be7 19. Rac1 Qe8 20. Rfe1 Be6 21. Qf3 Qb5 22. Qe2 Qa5 23. a3 b5 24. Red1 Qb6 25. Nc3 Rfe8 26. Re1 g6 27. Nd5 Bxd5 28. Bxd5 Bc5 29. Qf3 Rf8 30. b4 Bd4 31. Rcd1 Rbd8 32. Kg2 Kg7 33. Ba2 Bf6 34. Rxd8 Rxd8 35. Qb3 Qb7+ 36. Kg1 Qa7 37. Qe3 Bd4 38. Qf3 Bb6 39. Kg2 Rd2 40. Re2 Rd6 41. Qe4 Rf6 42. Qc2 Qb7+ 43. Kg1 h5 44. h4 Qf3 $19 *

[Event "Argentine Youth-Junior-ch 2025"]
[Site "Mar del Plata"]
[Date "2025.04.16"]
[Round "2.10"]
[White "Crespo Martinelli, Amadis"]
[Black "Alvarez, Mia Morena"]
[Result "0-1"]
[Annotator "NA RC"]
[ECO "A31"]
[WhiteElo "1493"]
[BlackElo "1819"]
[PlyCount "68"]
[EventDate "2025.04.14"]
[EventType "swiss"]
[EventCountry "ARG"]
[SourceTitle "playchess.com"]
[Source "ChessBase"]
[SourceQuality "1"]
[TimeControl "3600+30"]

1. c4 c5 2. Nf3 Nf6 3. d4 cxd4 4. Nxd4 e5 5. Nb3 Nc6 6. Nc3 Bb4 7. Bd2 Bxc3 8. Bxc3 d6 9. e3 Ne4 10. Qc2 Nxc3 11. Qxc3 O-O 12. Bd3 f5 13. O-O Be6 14. e4 f4 15. Rad1 f3 16. g3 Qg5 17. c5 Qg4 18. Rfe1 Rf6 19. cxd6 Rh6 20. Bf1 Qh5 21. h4 g5 22. Re3 Rf8 23. Rdd3 Bg4 24. Nd2 Nd4 25. Rxd4 exd4 26. Qxd4 Be6 27. d7 Rd8 28. Bc4 Qg4 29. Rxf3 gxh4 30. Bxe6+ Qxe6 31. Rd3 Rg6 32. Qc4 hxg3 33. Qxe6+ Rxe6 34. Rxg3+ Rg6 0-1